 Dungeon Crawl Stone Soup version 0.22.1-2-g9c5b331 (webtiles) character file.

77 nightchill the Digger (level 4, -3/24 HPs)
             Began as a Gargoyle Earth Elementalist on Dec 31, 2018.
             Slain by an ice beast (8 damage)
             ... on level 2 of the Dungeon.
             The game lasted 00:06:41 (1883 turns).

nightchill the Digger (Gargoyle Earth Elementalist) Turns: 1883, Time: 00:06:41

Health: -3/24      AC:  7    Str: 11    XL:     4   Next: 34%
Magic:  0/7        EV: 11    Int: 17    God:
Gold:   91         SH:  0    Dex: 10    Spells: 6/7 levels left

rFire    . . .     SeeInvis .   m - +2 short sword (drain)
rCold    . . .     Gourm    .   (no shield)
rNeg     + . .     Faith    .   a - +0 leather armour
rPois    ∞         Spirit   .   o - +0 helmet
rElec    +         Reflect  .   (no cloak)
rCorr    .         Harm     .   (no gloves)
MR       .....                  (no boots)
Stlth    ++........             (no amulet)
HPRegen  0.08/turn              (no ring)
MPRegen  0.10/turn              (no ring)

@: very slightly contaminated
A: negative energy resistance 1, electricity resistance, unbreathing,
petrification resistance, rot immunity, AC +3
a: no special abilities


You were on level 2 of the Dungeon.
You were not hungry.

You visited 1 branch of the dungeon, and saw 2 of its levels.

You collected 91 gold pieces.

Inventory:

Hand Weapons
 h - a +0 short sword
 i - a +0 club
 m - a +2 short sword of draining (weapon)
 r - a +0 hunting sling
Missiles
 q - 5 stones (quivered)
Armour
 a - a +0 leather armour (worn)
 o - a +0 helmet (worn)
Jewellery
 g - a cursed ring of teleportation {unknown}
Scrolls
 b - a scroll of identify {unknown}
 j - a scroll of teleportation {unknown}
 k - a scroll of fear {unknown}
 l - a scroll of noise {unknown}
 p - a scroll of immolation {unknown}
Potions
 c - a potion of cancellation {unknown}
 e - a potion of magic {unknown}
 n - a potion of curing {unknown}
Comestibles
 d - 3 rations
 f - 7 chunks of flesh


   Skills:
 - Level 1.5 Dodging
 - Level 2.1 Stealth
 - Level 2.0 Spellcasting
   Level 0.7 Transmutations
 + Level 6.1 Earth Magic


You had 6 spell levels left.
You knew the following spells:

 Your Spells              Type           Power        Failure   Level  Hunger
a - Sandblast             Erth           ###...       1%          1    #......

Your spell library contained the following spells:

 Spells                   Type           Power        Failure   Level  Hunger
 Passwall                 Tmut/Erth      ##......     10%         2    ###....
 Stone Arrow              Conj/Erth      ##....       22%         3    ###....
 Lee's Rapid Deconstruct  Erth           ###.......   50%         5    ######.
 Petrify                  Tmut/Erth      ##......     52%         4    #####..


Dungeon Overview and Level Annotations

Branches:
Dungeon (2/15)

Altars:

Annotations:
D:1 exclusion: downstairs


Innate Abilities, Weirdness & Mutations

You are resistant to torment.
Your stone body is resilient. (AC +3)
You are immune to poison.
You resist negative energy. (rN+)
You are resistant to electric shocks. (rElec)
You can survive without breathing.
You are immune to petrification.
You are immune to rotting.


Message History

Aiming: Sandblast (safe; 1% risk of failure)
Press: ? - help, Shift-Dir - straight line, f/p - ice beast
Aim: an ice beast (severely wounded)
The blast of sand hits the ice beast.
The ice beast is almost dead.
q - 5 stones The ice beast hits you.
The ice beast freezes you!
Ouch! That really hurt!
Casting: Sandblast (safe; 1% risk of failure)
Confirm with . or Enter, or press ? or * to list all spells.
You don't have enough magic to cast that spell.
You barely miss the ice beast.
The ice beast is almost dead.
The ice beast hits you but does no damage.
You barely miss the ice beast.
The ice beast is almost dead.
The ice beast hits you.
* * * LOW HITPOINT WARNING * * *
The ice beast freezes you!
You die...

#.. #.# .. #.# #.
##.# #. ###..#
#.##
###...######## ..#
#........(...# #.#
#.#########..###..
#@# #....... #Y#
###.##..
#######..## #.....
#...[.....##
#.....
#...........
......####
#...<.....#
####### ##
#.........# #.
#?........# #.
#.........# #..


You could see an ice beast.

Vanquished Creatures
  Robin (D:1)
  2 adders (D:2)
  An ooze (D:1)
  3 bats (D:1)
  11 goblins
  8 hobgoblins (D:1)
  4 jackals (D:1)
  5 kobolds (D:1)
  3 rats (D:1)
38 creatures vanquished.

Notes
Turn   | Place    | Note
-------+----------+-------------------------------------------
     0 | D:1      | nightchill the Gargoyle Earth Elementalist began the quest
                  | for the Orb.
     0 | D:1      | Reached XP level 1. HP: 10/10 MP: 3/3
   203 | D:1      | Reached skill level 4 in Earth Magic
   317 | D:1      | Reached XP level 2. HP: 15/15 MP: 0/5
  1120 | D:2      | Noticed Robin
  1131 | D:1      | Killed Robin
  1131 | D:1      | Reached skill level 5 in Earth Magic
  1131 | D:1      | Reached XP level 3. HP: 19/19 MP: 0/6
  1294 | D:2      | Reached XP level 4. HP: 14/24 MP: 0/7
  1474 | D:2      | Noticed an ice beast
  1615 | D:1      | Reached skill level 6 in Earth Magic
  1883 | D:2      | Slain by an ice beast

Skill      XL: |  1  2  3  4 |
---------------+-------------+-----
Earth Magic    | 4 5 6 |  6.1
Dodging        | |  1.5
Stealth        | |  2.1
Spellcasting   | |  2.0
Transmutations | |  0.7

Action                   |  1- 3 |  4- 6 || total
-------------------------+-------+-------++-------
Melee: Short sword       |    32 |    35 ||    67
Throw: Stone             |     1 |       ||     1
 Cast: Sandblast         |    26 |    14 ||    40
 Stab: Sleeping          |     1 |       ||     1
       Distracted        |       |     1 ||     1
  Eat: Chunk             |     2 |     2 ||     4
Armor: Leather armour    |    22 |    35 ||    57
Dodge: Dodged            |    43 |    58 ||   101
